 Dungeon Crawl Stone Soup version 0.30-a0-1157-g2cc9ac7196 (webtiles) character file.

Game seed: 7953350926680824951

4090 qeuew the Covert (level 10, -3/68 HPs)
             Began as an Octopode Brigand on Apr 24, 2023.
             Was an Initiate of Dithmenos.
             Slain by a gnoll
             ... wielding a +0 spear
             ... led by a gnoll sergeant
              (7 damage)
             ... on level 8 of the Dungeon.
             The game lasted 00:08:36 (7142 turns).

qeuew the Covert (Octopode Brigand)                 Turns: 7142, Time: 00:08:38

Health: -3/68      AC:  1    Str: 16 (17) XL:     10   Next: 26%
Magic:  10/10      EV: 17    Int: 13      God:    Dithmenos [......]
Gold:   389        SH:  5    Dex: 16 (18) Spells: 9/9 levels left

rFire   . . .        l - +1 short sword (speed)
rCold   + . .        (no shield)
rNeg    . . .        (helmet restricted)
rPois   +            t - amulet of reflection
rElec   .            g - +4 ring of slaying
rCorr   .            o - ring of protection from cold
SInv    .            q - +6 ring of strength
Will    .....        i - ring of poison resistance
Stlth   +++++        (no ring)
HPRegen 0.31/turn    (no ring)
MPRegen 0.12/turn    (no ring)
                     (no ring)

%: reflection
@: lethally poisoned (-3 -> -6)
A: almost no armour, amphibious, 8 rings, camouflage 1, gelatinous body 1,
(nimble swimmer 1), tentacles
a: Renounce Religion


You were on level 8 of the Dungeon.
You worshipped Dithmenos.
Dithmenos was noncommittal.
You visited 2 branches of the dungeon, and saw 9 of its levels.

You collected 389 gold pieces.

Inventory:

Hand Weapons
 l - a +1 short sword of speed (weapon)
Missiles
 b - 21 poisoned darts (quivered)
 c - 4 curare-tipped darts
Jewellery
 g - a +4 ring of slaying (left tentacle)
 i - a ring of poison resistance (on tentacle)
 o - a ring of protection from cold (right tentacle)
 q - a +6 ring of strength (on tentacle)
 t - an amulet of reflection (around mantle)
Wands
 j - a wand of paralysis (10)
 v - a wand of flame (24)
Scrolls
 e - 2 scrolls of butterflies
 h - a scroll of fog
 m - 4 scrolls of teleportation
 r - 3 scrolls of amnesia
 w - a scroll of identify
 x - a scroll of noise {unknown}
Potions
 d - 3 potions of flight
 f - a potion of curing
 k - 3 potions of brilliance
 n - a potion of mutation
 p - 2 potions of cancellation
 s - a potion of haste
 u - a potion of might


   Skills:
 + Level 5.7 Fighting
 * Level 8.0 Short Blades
 + Level 5.8 Throwing
 * Level 7.8 Dodging
 + Level 9.6 Stealth


You had 9 spell levels left.
You didn't know any spells.
Your spell library contained the following spells:

 Spells                   Type           Power      Damage    Failure   Level
 Beastly Appendage        Tmut           0%         N/A       30%         1
 Magic Dart               Conj           0%         1d3       30%         1
 Searing Ray              Conj           0%         2d4       43%         2
 Sublimation of Blood     Necr           0%         N/A       43%         2
 Wereblood                Tmut           0%         N/A       43%         2
 Spider Form              Tmut/Pois      0%         N/A       67%         3
 Animate Dead             Necr           0%         N/A       97%         4
 Fulminant Prism          Conj/Hex       0%         3d5       97%         4
 Passage of Golubria      Tloc           0%         N/A       97%         4
 Borgnjor's Vile Clutch   Necr/Erth      0%         N/A       100%        5
 Silence                  Hex/Air        0%         N/A       100%        5
 Death Channel            Necr           0%         N/A       100%        6
 Summon Hydra             Summ           0%         N/A       100%        7
 Lehudib's Crystal Spear  Conj/Erth      0%         10d2      100%        8


Dungeon Overview and Level Annotations

Branches:
Dungeon (8/15)             Temple (1/1) D:7
   Lair: D:8-11

Altars:
Ashenzari
Cheibriados
Dithmenos
Elyvilon
Fedhas
Gozag
Hepliaklqana
Kikubaaqudgha
Makhleb
Nemelex Xobeh
Okawaru
Ru
Sif Muna
Trog
Uskayaw
Vehumet
Wu Jian
Xom
Yredelemnul
Zin
The Shining One

Shops:
D:5 *   D:6 :   D:8 (


Innate Abilities, Weirdness & Mutations

You cannot wear most types of armour.
You are amphibious.
You can wear up to eight rings at the same time.
Your skin changes colour to match your surroundings (Stealth+).
Your rubbery body absorbs attacks. (AC +1, EV +1)
((You are camouflaged when in or above water. (Stealth+)))
You have tentacles for arms and can constrict up to eight enemies at once.


Message History

a killer bee corpse; a killer bee corpse The killer bee attacks as you move away!
You block the killer bee's attack.
You feel sick. You block the killer bee's attack.
You feel better. The killer bee misses you. You block the gnoll's attack.
The killer bee stings you.
* * * LOW HITPOINT WARNING * * *
You are poisoned.
The killer bee poisons you!
You closely miss the killer bee. You grab the killer bee.
You constrict the killer bee.
You feel sick.
You hit the killer bee.
The killer bee is moderately wounded.
You constrict the killer bee.
You feel sick. The killer bee barely misses you.
The gnoll hits you from afar with a +0 spear.
* * * LOW HITPOINT WARNING * * *
You barely miss the killer bee.
The killer bee is moderately wounded.
You constrict the killer bee. The killer bee barely misses you.
You hit the killer bee.
The killer bee is moderately wounded.
You constrict the killer bee.
You feel sick. The killer bee stings you.
* * * LOW HITPOINT WARNING * * *
You block the gnoll's attack.
You hit the killer bee.
The killer bee is severely wounded.
You constrict the killer bee, but do no damage.
The killer bee misses you.
You hit the killer bee.
The killer bee is almost dead.
You constrict the killer bee, but do no damage.
* * * LOW HITPOINT WARNING * * *
You feel sick.
You hit the killer bee but do no damage.
The killer bee is almost dead.
You constrict the killer bee.
You kill the killer bee!
Dithmenos accepts your kill.
The gnoll hits you from afar with a +0 spear!
You die...

#.# ###.# #...####
#......# +### #......#
.....
######......######.....
...†††.................
....####.........#...
......##########@#
....#.# #†# ....#.#
####g# ....#.## #...†#
####...# #..).#
#).+.### #..).#
#.....8# #....#
###......# #.....
.#....<..# #.....


You could see a gnoll.

Vanquished Creatures
  Pikel (D:7)
  A hornet (Temple)
  Grinder (D:4)
  5 yaks (D:8)
  2 water moccasins (D:7)
  2 ice beasts (D:7)
  4 ogres
  A phantom (D:6)
  3 lemures (D:7)
  A kobold brigand (D:6)
  A bullfrog (D:7)
  3 scorpions
  3 gnoll sergeants
  9 killer bees (D:8)
  An electric eel (D:6)
  3 howler monkeys (D:7)
  Crazy Yiuf (D:5)
  4 jellies
  2 hounds (D:5)
  3 iguanas (D:5)
  A sleepcap (D:4)
  An orc wizard (D:4)
  16 gnolls
  8 adders
  3 white imps
  2 ufetubi
  5 dart slugs
  11 orcs
  7 bats
  10 endoplasms
  5 giant cockroaches
  7 goblins
  7 hobgoblins
  10 jackals
  4 quokkas
  6 ball pythons
  4 frilled lizards
  13 kobolds
  6 rats
177 creatures vanquished.

Vanquished Creatures (others)
  2 plants (D:6)
2 creatures vanquished.

Grand Total: 179 creatures vanquished

Notes
Turn   | Place    | Note
-------+----------+-------------------------------------------
     0 | D:1      | qeuew the Octopode Brigand began the quest for the Orb.
     0 | D:1      | Reached XP level 1. HP: 14/14 MP: 1/1
   136 | D:1      | Reached XP level 2. HP: 18/19 MP: 2/2
   416 | D:1      | Reached XP level 3. HP: 24/24 MP: 3/3
  1059 | D:2      | Reached XP level 4. HP: 25/30 MP: 4/4
  1842 | D:3      | Reached XP level 5. HP: 28/35 MP: 5/5
  2634 | D:4      | You fall into a shaft and drop 3 floors!
  2721 | D:6      | Noticed a phantom
  2729 | D:6      | Killed a phantom
  2730 | D:6      | Reached skill level 6 in Stealth
  2730 | D:6      | Reached XP level 6. HP: 41/41 MP: 6/6
  2811 | D:5      | Entered Level 5 of the Dungeon
  3128 | D:4      | Reached XP level 7. HP: 42/46 MP: 7/7
  3223 | D:4      | Noticed Grinder
  3234 | D:4      | Killed Grinder
  3248 | D:4      | Reached skill level 7 in Stealth
  3917 | D:5      | Found a runed translucent door.
  3918 | D:5      | Noticed Crazy Yiuf
  3929 | D:5      | Killed Crazy Yiuf
  3930 | D:5      | Reached XP level 8. HP: 54/54 MP: 8/8
  3983 | D:5      | Reached skill level 5 in Short Blades
  4091 | D:5      | Reached skill level 5 in Dodging
  4204 | D:5      | Found Qeudgh's Assorted Antiques.
  4886 | D:6      | Found Ruluag's Vocational Training.
  5174 | D:7      | Reached skill level 8 in Stealth
  5216 | D:7      | Found a white marble altar of Elyvilon.
  5216 | D:7      | Found a glowing silver altar of Zin.
  5230 | D:7      | Reached XP level 9. HP: 53/59 MP: 9/9
  5260 | D:7      | Noticed Pikel
  5283 | D:7      | Killed Pikel
  5293 | D:7      | Reached skill level 5 in Throwing
  5533 | D:7      | Reached skill level 5 in Fighting
  5740 | D:7      | Found a staircase to the Ecumenical Temple.
  5761 | D:7      | Noticed a hornet
  5775 | Temple   | Entered the Ecumenical Temple
  5775 | Temple   | Found a transporter.
  5775 | Temple   | Found a transporter.
  5777 | Temple   | Found a transporter.
  5777 | Temple   | Found a transporter.
  5805 | Temple   | Became a worshipper of Dithmenos the Shadowed
  5963 | D:7      | Paralysed by a hornet for 1 turns
  5976 | Temple   | Killed a hornet
  5977 | Temple   | Reached skill level 9 in Stealth
  6735 | D:8      | Found Nyett's Antique Weapon Boutique.
  6795 | D:8      | Reached XP level 10. HP: 28/66 MP: 10/10
  7142 | D:8      | Slain by a gnoll

Illustrated notes

Levels and vault maps discovered:
D:1:      shiori_arrival_maze, layout_basic
D:2:      layout_basic
D:3:      layout_basic, chequers_serial_rivers_large_a, grunt_decor_fettered
D:4:      layout_cave_pods, uniq_grinder
D:5:      layout_cave_pools, serial_shops, nicolae_shop_just_a_little_nook,
          uniq_crazy_yiuf_cottage
D:6:      layout_basic, serial_bayou_lagoon_a, nicolae_shop_vocational
D:7:      layout_layer_cave, grunt_temple_overflow_open,
          minmay_temple_entry_junction, serial_bayou_pond_a, uniq_pikel
D:8:      cheibrodos_quashed, layout_basic, serial_shops, nicolae_stop_n_shop_1
Temple:   hellmonk_temple_divided_pantheon

Skill      XL: |  1  2  3  4  5  6  7  8  9 10 |
---------------+-------------------------------+-----
Dodging        | 2 3 4 5 7 |  7.8
Short Blades   | 3 4 6 7 8 |  8.0
Throwing       | 3 4 5 |  5.8
Stealth        | 6 7 8 9 |  9.6
Fighting       | 3 4 5 |  5.7

Action                     |  1- 3 |  4- 6 |  7- 9 | 10-12 || total
---------------------------+-------+-------+-------+-------++-------
  Melee: Dagger            |    33 |       |       |       ||    33
         Constrict         |     9 |    23 |    34 |    10 ||    76
         Tentacles         |     7 |    21 |    66 |    22 ||   116
         Punch             |     2 |     3 |     5 |     4 ||    14
         Short sword       |    22 |   124 |   241 |    65 ||   452
    Use: Scroll            |     5 |     5 |     6 |       ||    16
         Potion            |       |       |     2 |     2 ||     4
   Stab: Sleeping          |    16 |    26 |    16 |       ||    58
 Armour: Skin              |     3 |     4 |     2 |     4 ||    13
  Dodge: Dodged            |    28 |    42 |    87 |    50 ||   207
  Block: Other             |       |       |    21 |    20 ||    41

Table legend: (Time is in decaauts)
 A = Elapsed time spent in this place.
 B = Non-inter-level travel time spent in this place.
 C = Inter-level travel time spent in this place.
 D = Time resting spent in this place.
 E = Time spent auto-exploring this place.
 F = Levels seen in this place.
 G = Mean time per level.
                   A        B        C        D        E       F      G
               +--------+--------+--------+--------+--------+-----+--------+
         Total |   6920 |   6674 |    246 |    235 |   5331 |   9 |  768.9 |
       Dungeon |   6604 |   6358 |    246 |      0 |   5331 |   8 |  825.5 |
        Temple |    316 |    316 |      0 |    235 |      0 |   1 |  316.0 |
               +--------+--------+--------+--------+--------+-----+--------+

Top non-repeatable levels by time:
     D:7: 1346 daAuts
     D:4: 962 daAuts
     D:1: 932 daAuts
     D:3: 896 daAuts
     D:6: 733 daAuts
     D:2: 720 daAuts
     D:5: 662 daAuts
     D:8: 349 daAuts
  Temple: 316 daAuts
